 Dungeon Crawl Stone Soup version 0.30-a0-137-gd8773701ce (webtiles) character file.

Game seed: 7706834331640176989

338 greasedhog the Trooper (level 6, -1/40 HPs)
             Began as a Gargoyle Chaos Knight on Sept 21, 2022.
             Was a Plaything of Xom.
             Slain by an orc priest
             ... wielding a +0 dagger
              (3 damage)
             ... on level 5 of the Dungeon.
             The game lasted 00:05:01 (4043 turns).

greasedhog the Trooper (Gargoyle Chaos Knight)      Turns: 4043, Time: 00:05:02

Health: -1/40      AC: 12    Str: 24    XL:     6   Next: 55%
Magic:  6/6        EV: 11    Int: 12    God:    Xom [......]
Gold:   228        SH:  5    Dex:  9    Spells: 5/5 levels left

rFire   . . .      SeeInvis .    a - +0 mace (chaos)
rCold   . . .      Faith    .    (no shield)
rNeg    + . .      Spirit   .    b - +2 leather armour
rPois   ∞          Reflect  +    k - +0 helmet
rElec   +          Harm     .    (no cloak)
rCorr   .          Rampage  .    e - +0 pair of gloves
Will    +....                    (no boots)
Stlth   +.........               w - amulet of reflection
HPRegen 0.13/turn                s - ring of willpower
MPRegen 0.10/turn                t - +6 ring of strength

@: no status effects
A: sickness immunity, AC +4, negative energy resistance 1, electricity
resistance, torment resistance 1, petrification resistance
a: Renounce Religion


You were on level 5 of the Dungeon.
You worshipped Xom.
You were a very special plaything of Xom.
You visited 1 branch of the dungeon, and saw 5 of its levels.

You collected 323 gold pieces.
You spent 95 gold pieces at shops.

Inventory:

Hand Weapons
 a - a +0 mace of chaos (weapon)
Armour
 b - a +2 leather armour (worn)
 e - a +0 pair of gloves (worn)
 k - a +0 helmet (worn)
Jewellery
 g - a ring of protection from cold
 s - a ring of willpower (left hand)
 t - a +6 ring of strength (right hand)
 w - an amulet of reflection (around neck)
Scrolls
 h - 3 scrolls of teleportation
 l - a scroll of fear
 m - a scroll of identify
 o - a scroll of enchant weapon
 q - 3 scrolls of butterflies
Potions
 d - a potion of resistance
 f - a potion of mutation {unknown}
 i - a potion of might
 j - 3 potions of curing
 n - 2 potions of lignification
 p - a potion of berserk rage {unknown}
 r - a potion of heal wounds {unknown}
 u - 2 potions of flight
 v - a potion of degeneration {unknown}
 x - a potion of brilliance {unknown}
Miscellaneous
 c - a piece from Xom's chessboard (15/15) (quivered)


   Skills:
 - Level 5.4 Fighting
 * Level 5.4 Maces & Flails
 * Level 3.2 Armour
 - Level 1.0 Dodging


You had 5 spell levels left.
You didn't know any spells.
Your spell library was empty.

Dungeon Overview and Level Annotations

Branches:
Dungeon (5/15)
 Temple: D:4-7

Altars:
Uskayaw
Xom

Shops:
D:3 *


Innate Abilities, Weirdness & Mutations

You are immune to sickness and miasma.
Your stone body is resilient. (AC +4)
You are immune to poison.
You resist negative energy. (rN+)
You are resistant to electric shocks. (rElec)
You are resistant to unholy torment.
You are immune to petrification.


Message History

You completely miss the iguana.
The iguana is heavily wounded.
The iguana is no longer moving slowly.
You sock the iguana!
You kill the iguana!
You're wearing all the rings you can.
Remove which one? (? for menu, Esc to cancel) < or
g - a ring of protection from cold; > or
t - a +6 ring of strength You remove your ring of protection from cold.
s - a ring of willpower (left hand)
Found a stone staircase leading up.
There is an open door here.
An orc priest and an orc come into view.
The orc priest shouts!
The orc shouts!
The orc priest calls down the wrath of Beogh upon you.
Beogh smites you!
You hear a shout! x2
There are monsters nearby!
You start resting.
There are monsters nearby!
You hit the orc priest but do no damage.
The orc priest calls down the wrath of Beogh upon you.
Beogh smites you! The orc hits you with a +0 hand axe.
* * * LOW HITPOINT WARNING * * *
The orc priest hits you but does no damage.
You closely miss the orc priest. The orc closely misses you.
You block the orc priest's attack.
You hit the orc priest.
The orc priest suddenly seems more agile.
The orc priest is lightly wounded.
The orc closely misses you.
The orc priest invokes the aid of Beogh against you.
Beogh smites you!
* * * LOW HITPOINT WARNING * * *
You hit the orc priest but do no damage.
The orc priest is poisoned.
The orc priest is lightly wounded.
The orc barely misses you.
The orc priest hits you with a +0 dagger.
You die...

#......#.##.......
#####.#.##.##.......
............####+#.
#######.#.#.##.#.##.....
....<....#'##.#..#.....
#............##.#.....
............##.+.....
#.####.........####.....
#.....o@o......# #.....
......###.#'##'# #[....
..... #.#.....# ######
......o...#.....#
....o.#####........ ##..
#........ #........
......... .....####


You could see an orc priest (agile, very poisoned) and an orc.

Vanquished Creatures
  A hound (D:4)
  A jelly (D:4)
  An iguana (D:5)
  An orc wizard (D:4)
  Robin (D:3)
  2 adders
  5 dart slugs
  4 orcs (D:5)
  2 bats (D:1)
  10 endoplasms
  3 giant cockroaches
  19 goblins
  12 hobgoblins
  2 jackals (D:3)
  3 ball pythons (D:2)
  2 frilled lizards
  6 kobolds
  6 rats
81 creatures vanquished.

Vanquished Creatures (collateral kills)
  A goblin (D:4)
  A kobold (D:4)
2 creatures vanquished.

Vanquished Creatures (others)
  An endoplasm (D:4)
  A fungus (D:1)
2 creatures vanquished.

Grand Total: 85 creatures vanquished

Notes
Turn   | Place    | Note
-------+----------+-------------------------------------------
     0 | D:1      | greasedhog the Gargoyle Chaos Knight began the quest for
                  | the Orb.
     0 | D:1      | Reached XP level 1. HP: 14/14 MP: 1/1
    97 | D:1      | XOM: silly message
   175 | D:1      | Reached skill level 1 in Dodging
   185 | D:1      | XOM: noise
   190 | D:1      | Reached XP level 2. HP: 15/19 MP: 2/2
   410 | D:1      | XOM: silly message
   573 | D:1      | XOM: silly message
   721 | D:1      | Reached XP level 3. HP: 24/24 MP: 3/3
   724 | D:1      | Found a faded altar of an unknown god.
  1140 | D:2      | XOM: god gift: ring of protection from cold
  1442 | D:2      | Reached XP level 4. HP: 29/30 MP: 4/4
  1823 | D:3      | Found Baynischu's General Store.
  1840 | D:3      | Bought a scroll of identify for 20 gold pieces
  1840 | D:3      | Bought a scroll of enchant weapon for 75 gold pieces
  1884 | D:3      | Found a hide-covered altar of Uskayaw.
  2054 | D:3      | XOM: 5-stop teleportation journey
  2271 | D:3      | XOM: cloud trail
  2369 | D:3      | Noticed Robin
  2392 | D:3      | Killed Robin
  2756 | D:4      | XOM: polymorph iguana -> jelly
  2757 | D:4      | XOM: smoke on damage
  2758 | D:4      | HP: 1/30 [acid (9)]
  2758 | D:4      | XOM: butterfly on damage
  2760 | D:4      | Reached XP level 5. HP: 2/34 MP: 5/5
  2814 | D:4      | XOM: scenery: create altars
  3240 | D:4      | Reached skill level 5 in Fighting
  3478 | D:4      | XOM: summons 5 friendly demons
  3537 | D:4      | XOM: god gift: 20 gold pieces
  3635 | D:5      | Entered Level 5 of the Dungeon
  3664 | D:5      | Noticed an ice beast
  3665 | D:5      | XOM: scenery: 1 doors open
  3676 | D:5      | XOM: cleaving
  3684 | D:5      | XOM: confuse monster(s)
  3688 | D:5      | Banished an ice beast
  3689 | D:5      | Reached skill level 5 in Maces & Flails
  3689 | D:5      | Reached XP level 6. HP: 7/40 MP: 6/6
  3729 | D:5      | XOM: silly message
  3793 | D:5      | XOM: noise
  3806 | D:5      | XOM: smoke on damage
  3808 | D:5      | Found a shimmering altar of Xom.
  4042 | D:5      | HP: 2/40 [orc priest/divine providence (11)]
  4043 | D:5      | Slain by an orc priest

Illustrated notes

Levels and vault maps discovered:
D:1:      sevenhm_arrival_forest_fort_large_2, layout_rooms,
          dreamdust_ecumenical_altar_hidden_monk_grotto, nicolae_titane
D:2:      layout_rooms
D:3:      layout_loops_cross, nicolae_uskayaw_murder_on_the_dancefloor,
          serial_shops, shop_fountains, uniq_robin
D:4:      layout_basic, hangedman_abyss_or_decor_lesser_grid,
          kennysheep_generic_room_3
D:5:      layout_basic, amcnicky_altar_gilded, nemelex_diamond_rough_becter,
          uniq_ijyb

Skill      XL: |  1  2  3  4  5 |
---------------+----------------+-----
Dodging        | 1 |  1.0
Fighting       | 4 5 |  5.4
Maces & Flails | 4 5 |  5.4
Armour         | 3 |  3.2

Action                   |  1- 3 |  4- 6 || total
-------------------------+-------+-------++-------
Melee: Mace              |   101 |   133 ||   234
       Punch             |     1 |       ||     1
  Use: Scroll            |     5 |     3 ||     8
 Stab: Distracted        |       |     1 ||     1
       Confused          |       |     1 ||     1
Armor: Leather armour    |    70 |    55 ||   125
Dodge: Dodged            |    64 |    62 ||   126
Block: Other             |       |     3 ||     3

Table legend: (Time is in decaauts)
 A = Elapsed time spent in this place.
 B = Non-inter-level travel time spent in this place.
 C = Inter-level travel time spent in this place.
 D = Time resting spent in this place.
 E = Time spent auto-exploring this place.
 F = Levels seen in this place.
 G = Mean time per level.
                   A        B        C        D        E       F      G
               +--------+--------+--------+--------+--------+-----+--------+
         Total |   4086 |   3953 |    133 |    627 |   2668 |   5 |  817.2 |
       Dungeon |   4086 |   3953 |    133 |    627 |   2668 |   5 |  817.2 |
               +--------+--------+--------+--------+--------+-----+--------+

Top non-repeatable levels by time:
     D:4: 1178 daAuts
     D:1: 1134 daAuts
     D:3: 751 daAuts
     D:2: 613 daAuts
     D:5: 409 daAuts
